 Dungeon Crawl Stone Soup version 0.19.4-9-g45fd643 (webtiles) character file.

3425 Naow the Grappler (level 10, -12/83 HPs)
             Began as a Ghoul Gladiator on Feb 20, 2017.
             Was a Priest of Okawaru.
             Killed by divine providence
             ... invoked by an orc priest
              (13 damage)
             ... on level 8 of the Dungeon.
             The game lasted 00:12:23 (7555 turns).

Naow the Grappler (Ghoul Gladiator)                 Turns: 7555, Time: 00:12:24

Health: -12/83     AC:  6    Str: 27    XL:     10   Next: 5%
Magic:  8/9        EV: 13    Int:  7    God:    Okawaru [***...]
Gold:   499        SH:  0    Dex: 14    Spells: 0 memorised, 9 levels left

rFire  . . .     SeeInvis .       - Unarmed
rCold  + + .     Gourm    .     V - +0 leather armour {rC+}
rNeg   + + +     Faith    .     (no shield)
rPois  ∞         Spirit   .     D - +1 hat {Int+3}
rElec  .         Reflect  .     j - +0 cloak
rCorr  .         Harm     .     n - +0 pair of gloves
MR     .....                    (no boots)
Stlth  +.........               (no amulet)
                                Q - +5 ring of dexterity
                                (no ring)

@: mighty, rotting
A: rotting body, claws 1, carnivore 3, cold resistance 1, negative energy
resistance 3, slow regeneration 1, torment resistance, unbreathing
a: Heroism, Renounce Religion


You were on level 8 of the Dungeon.
You worshipped Okawaru.
Okawaru was most pleased with you.
You were not hungry.

You visited 1 branch of the dungeon, and saw 8 of its levels.
You also visited: Sewer.

You collected 499 gold pieces.

Inventory:

Hand Weapons
 r - a +0 blowgun
Missiles
 c - 3 throwing nets (quivered)
 s - 50 poisoned needles
Armour
 a - a +0 leather armour
 b - a +0 helmet
 j - a +0 cloak (worn)
 n - a +0 pair of gloves (worn)
 D - a +1 hat of intelligence (worn)
 V - a +0 leather armour of cold resistance (worn)
Jewellery
 z - an uncursed ring of stealth
 B - an uncursed ring of see invisible
 M - a cursed amulet of inaccuracy {unknown}
 Q - a +5 ring of dexterity (right hand)
Wands
 h - a wand of flame (32/48)
 G - a wand of confusion (30/48)
 H - a wand of digging (16/24)
 T - a wand of slowing (28/48)
 W - a wand of lightning (13/15)
Scrolls
 e - 6 scrolls of identify
 g - a scroll of amnesia
 k - a scroll of teleportation
 p - 2 scrolls of recharging {unknown}
 q - 2 scrolls of fear
 y - a scroll of remove curse
 A - 3 scrolls of noise {unknown}
 J - a scroll of enchant armour {unknown}
 N - a scroll of magic mapping {unknown}
 R - 2 scrolls of fog {unknown}
 U - a scroll of silence {unknown}
Potions
 l - a potion of berserk rage
 o - a potion of magic {unknown}
 t - 9 potions of curing {unknown}
 u - 2 potions of might
 v - 4 potions of brilliance {unknown}
 w - 4 potions of heal wounds {unknown}
 x - a potion of flight {unknown}
 C - a potion of mutation {unknown}
 E - a potion of lignification {unknown}
 I - a potion of cancellation {unknown}
 K - a potion of ambrosia {unknown}
 L - a potion of haste {unknown}
 O - a potion of cure mutation {unknown}
 P - a potion of agility {unknown}
Books
 F - a book of Minor Magic

   Spells                             Type                      Level
   a - Magic Dart                     Conjuration                  1
   b - Blink                          Translocation                2
   c - Call Imp                       Summoning                    2
   d - Repel Missiles                 Charms/Air                   2
   e - Slow                           Hexes                        2
   f - Conjure Flame                  Conjuration/Fire             3
   g - Mephitic Cloud                 Conjuration/Poison/Air       3
Comestibles
 d - 7 meat rations
 i - 3 beef jerkies
 m - a slice of pizza


   Skills:
 + Level 5.9 Fighting
 - Level 1.7 Throwing
 - Level 2.6 Dodging
 + Level 13.9 Unarmed Combat


You had 9 spell levels left.
You didn't know any spells.

Dungeon Overview and Level Annotations

Branches:
Dungeon (8/15)             Temple (0/1) D:7
   Lair: D:8-11

Altars:
Ashenzari
Dithmenos
Hepliaklqana
Kikubaaqudgha
Makhleb
Okawaru
Ru
Sif Muna
Vehumet
The Shining One

Shops:
D:5 *[   D:6 *


Innate Abilities, Weirdness & Mutations

Your body is rotting away.
You thrive on raw meat.
You are immune to poison.
You have sharp fingernails.
You are carnivorous and can eat meat at any time.
Your flesh is cold resistant. (rC+)
You are immune to negative energy. (rN+++)
You regenerate slowly when monsters are visible.
You are immune to unholy pain and torment.
You can survive without breathing.


Message History

The howler monkey hoots and howls with incredible vigour!
You hear a bark! x2
You beat the orc wizard into a bloody pulp!!!
You kill the orc wizard!
Okawaru accepts your kill.
Okay, then.
You start eating one of the 4 beef jerkies.
The howler monkey barely misses you.
The orc priest calls down the wrath of Beogh upon you.
Beogh smites you!
* * * LOW HITPOINT WARNING * * *
That beef jerky was delicious!
It was a potion of might.
You feel very mighty all of a sudden.
You feel like a meek peon again. The howler monkey hits you.
* * * LOW HITPOINT WARNING * * *
You hear a zap.
You hear a grinding noise.
The orc priest calls down the wrath of Beogh upon you.
Beogh smites you!
You die...

.. #.....#......#..##.#
####.##.....#............#
#......................#..
#.......###.#.............
'......................#..
#.......###......##...## .
#.......# ####..##.....##
#......o####....#.......#
+......)h@.....##.......##
#.......####...#.........#
#.......#....###.........#
#.......#######.......####
#.......#######....####...
...######.....##....#......
.. #.........##...##......
#.........##...#...#...
#.........#....#...#...


You could see a howler monkey and an orc priest.

Vanquished Creatures
  The ghost of letownia the Magician, a novice OpWz of Gozag (D:6)
  A hippogriff (D:7)
  A hungry ghost (D:7)
  2 sky beasts (D:8)
  An ice beast (D:5)
  A black bear (D:6)
  3 orc warriors
  2 ogres
  A centaur (D:8)
  2 big kobolds (Sewer)
  3 bullfrogs
  2 scorpions
  10 killer bees (D:8)
  4 wights (D:6)
  A howler monkey (D:5)
  A crimson imp (D:7)
  A hound (D:5)
  2 orc priests (D:7)
  A jelly (D:6)
  6 orc wizards
  Crazy Yiuf (D:6)
  A bullfrog skeleton (D:6)
  An iguana (D:6)
  Jessica (D:2)
  3 worker ants
  2 hound skeletons
  3 gnolls (D:6)
  8 adders
  4 shadow imps
  5 oozes
  An adder skeleton (D:4)
  A worm (D:2)
  2 dart slugs
  3 leopard geckos
  20 orcs
  2 ball pythons (Sewer)
  6 giant cockroaches
  11 goblins
  8 hobgoblins
  11 jackals
  18 kobolds
  4 quokkas
  11 bats
  7 frilled lizards
  A jackal zombie (D:6)
  13 rats
194 creatures vanquished.

Notes
Turn   | Place    | Note
-------+----------+-------------------------------------------
     0 | D:1      | Naow the Ghoul Gladiator began the quest for the Orb.
     0 | D:1      | Reached XP level 1. HP: 17/17 MP: 0/0
   243 | D:1      | Reached XP level 2. HP: 22/23 MP: 1/1
   337 | D:1      | Reached skill level 4 in Unarmed Combat
   485 | D:1      | Reached XP level 3. HP: 29/30 MP: 2/2
   847 | D:2      | Found an ancient bone altar of Kikubaaqudgha.
   847 | D:2      | Noticed a human
  1064 | D:2      | Reached XP level 4. HP: 36/37 MP: 3/3
  1087 | D:2      | Reached skill level 5 in Unarmed Combat
  1118 | D:2      | Noticed Jessica
  1127 | D:2      | Killed Jessica
  1421 | D:3      | Found a shadowy altar of Dithmenos.
  1641 | D:3      | Found a sacrificial altar of Ru.
  1641 | D:3      | Found a deep blue altar of Sif Muna.
  1674 | D:3      | Found a glowing drain.
  1711 | D:3      | Reached XP level 5. HP: 40/44 MP: 4/4
  1727 | D:3      | Reached skill level 6 in Unarmed Combat
  1778 | Sewer    | Entered a sewer
  2005 | Sewer    | Noticed a big kobold
  2029 | Sewer    | Killed a big kobold
  2029 | Sewer    | Reached XP level 6. HP: 21/51 MP: 5/5
  2254 | Sewer    | Reached skill level 7 in Unarmed Combat
  2939 | D:4      | Found a radiant altar of Vehumet.
  2960 | D:4      | Found an iron altar of Okawaru.
  2982 | D:4      | Became a worshipper of Warmaster Okawaru
  3535 | D:5      | Entered Level 5 of the Dungeon
  3612 | D:5      | Reached skill level 8 in Unarmed Combat
  3612 | D:5      | Reached XP level 7. HP: 52/57 MP: 6/6
  3639 | D:5      | Found a burning altar of Makhleb.
  3681 | D:5      | Found Omarghi's Armour Boutique.
  4135 | D:5      | Reached * piety under Okawaru
  4273 | D:5      | Found Wipug's Assorted Antiques.
  4312 | D:6      | Reached skill level 9 in Unarmed Combat
  4634 | D:6      | Found a glowing golden altar of the Shining One.
  4644 | D:6      | Reached XP level 8. HP: 45/63 MP: 7/7
  4817 | D:6      | Reached skill level 10 in Unarmed Combat
  4832 | D:6      | Noticed letownia's ghost (novice OpWz)
  4999 | D:6      | Killed letownia's ghost
  4999 | D:6      | Reached ** piety under Okawaru
  5076 | D:6      | Found Aleteh's Elemental Accessories.
  5142 | D:6      | Reached skill level 11 in Unarmed Combat
  5480 | D:6      | Found a runed door.
  5668 | D:6      | Noticed Crazy Yiuf
  5673 | D:6      | Killed Crazy Yiuf
  5768 | D:6      | Reached XP level 9. HP: 48/72 MP: 8/8
  5916 | D:7      | Reached skill level 5 in Fighting
  6065 | D:7      | Found a shattered altar of Ashenzari.
  6073 | D:7      | Found a hazy altar of Hepliaklqana.
  6121 | D:7      | Reached skill level 12 in Unarmed Combat
  6190 | D:7      | Found a staircase to the Ecumenical Temple.
  6305 | D:7      | Reached *** piety under Okawaru
  6955 | D:8      | Reached skill level 13 in Unarmed Combat
  7308 | D:8      | Reached XP level 10. HP: 32/83 MP: 6/9
  7554 | D:8      | HP: 4/83 [orc priest/divine providence (16)]
  7555 | D:8      | HP: 1/83 [howler monkey (3)]
  7555 | D:8      | Killed from afar by an orc priest

Skill      XL: |  1  2  3  4  5  6  7  8  9 |
---------------+----------------------------+-----
Unarmed Combat | 4 5 6 8 9 11 13 | 13.9
Fighting       | 3 4 5 |  5.9
Throwing       | |  1.7
Dodging        | |  2.6

Action                   |  1- 3 |  4- 6 |  7- 9 | 10-12 || total
-------------------------+-------+-------+-------+-------++-------
Melee: Unarmed           |   115 |   281 |   310 |     9 ||   715
       Punch             |     2 |     6 |    13 |     1 ||    22
Invok: Heroism           |       |       |     2 |     1 ||     3
  Use: Scroll            |       |       |     6 |       ||     6
       Potion            |       |       |       |     1 ||     1
  Eat: Chunk             |     6 |     4 |    24 |       ||    34
       Beef jerky        |       |       |       |     1 ||     1
Armor: Leather armour    |    41 |   102 |    66 |     1 ||   210
Dodge: Dodged            |    91 |   186 |   176 |     7 ||   460
